 Dungeon Crawl Stone Soup version 0.29.1 (webtiles) character file.

Game seed: 10289322954692698020

8416 AttackTheMoon the Fighter (level 11, -8/113 HPs)
             Began as a Troll Fighter on Sept 11, 2022.
             Was a Follower of the Shining One.
             Mangled by a seven-headed hydra (13 damage)
             ... on level 2 of the Lair of Beasts on Sept 12, 2022.
             The game lasted 00:13:14 (8145 turns).

AttackTheMoon the Fighter (Troll Fighter)           Turns: 8145, Time: 00:13:16

Health: -8/113     AC:  4    Str: 36    XL:     11   Next: 9%
Magic:  14/14      EV: 23    Int:  4    God:    the Shining One [*.....]
Gold:   839        SH: 10    Dex:  4    Spells: 10/10 levels left

rFire   . . .      SeeInvis +     - Unarmed
rCold   . . .      Faith    .   b - +2 kite shield
rNeg    . . .      Spirit   .   a - +0 robe
rPois   .          Reflect  .   (helmet restricted)
rElec   .          Harm     .   (no cloak)
rCorr   +          Rampage  .   (gloves unavailable)
Will    .....                   (boots unavailable)
Stlth   +.........              w - amulet of the acrobat
HPRegen 1.08/turn               j - ring "Boawn" {rCorr Dex-5 Slay+4 SInv}
MPRegen 0.14/turn               I - +6 ring of strength

@: acrobatic, glowing, studying Fighting
A: large, unfitting armour, claws 3, regeneration 1, shaggy fur 1, tough skin 1
a: Renounce Religion, Divine Shield


You were on level 2 of the Lair of Beasts.
You worshipped the Shining One.
The Shining One was aware of your devotion.
You visited 2 branches of the dungeon, and saw 10 of its levels.

You collected 839 gold pieces.

Inventory:

Missiles
 d - 4 datura-tipped darts
 n - 3 throwing nets (quivered)
 z - 11 javelins
Armour
 a - a +0 robe (worn)
 b - a +2 kite shield (worn)
Jewellery
 j - the ring "Boawn" (left claw) {rCorr Dex-5 Slay+4 SInv}
   (You acquired it on level 2 of the Dungeon)

   [ring of slaying]

   Dex:       It affects your dexterity (-5).
   Slay:      It affects your accuracy & damage with ranged weapons and melee
   (+4).
   SInv:      It lets you see invisible.
   rCorr:     It protects you from acid and corrosion.
 w - an amulet of the acrobat (around neck)
 A - a +4 ring of evasion
 B - a +4 ring of protection
 I - a +6 ring of strength (right claw)
Wands
 v - a wand of flame (13)
 x - a wand of light (13)
 G - a wand of digging (13)
 K - a wand of roots (4)
Scrolls
 f - 2 scrolls of enchant weapon
 g - a scroll of amnesia
 m - a scroll of enchant armour
 q - a scroll of butterflies
 r - 4 scrolls of teleportation
 t - a scroll of blinking
 u - 2 scrolls of immolation
 y - 3 scrolls of fear
 D - a scroll of summoning
 E - a scroll of magic mapping
Potions
 c - 7 potions of might
 e - a potion of degeneration
 h - 5 potions of heal wounds
 i - 6 potions of curing
 k - 2 potions of magic
 l - 2 potions of lignification
 o - 6 potions of attraction
 p - 3 potions of flight
 s - a potion of resistance
 F - a potion of haste
 H - a potion of invisibility {unknown}
 J - a potion of cancellation {unknown}


   Skills:
 + Level 8.5 Fighting
 + Level 7.0 Throwing
 - Level 2.6 Dodging
 + Level 7.7 Shields
 + Level 8.1 Unarmed Combat
 + Level 6.5 Invocations


You had 10 spell levels left.
You didn't know any spells.
Your spell library contained the following spells:

 Spells                   Type           Power      Damage    Failure   Level
 Ensorcelled Hibernation  Hex/Ice        0%         N/A       86%         2
 Passwall                 Tmut/Erth      0%         N/A       86%         2
 Static Discharge         Conj/Air       0%         3-3/arc   86%         2
 Conjure Flame            Conj/Fire      0%         6-21      98%         3
 Gell's Gravitas          Tloc           0%         N/A       98%         3
 Ignite Poison            Fire/Tmut/Pois 0%         N/A       98%         3
 Lesser Beckoning         Tloc           0%         N/A       98%         3
 Swiftness                Air            0%         N/A       98%         3
 Teleport Other           Tloc           0%         N/A       98%         3
 Sticky Flame             Conj/Fire      0%         2d3       100%        4
 Lightning Bolt           Conj/Air       0%         1d11      100%        5
 Maxwell's Capacitive Co  Air            0%         ∞         100%        8


Dungeon Overview and Level Annotations

Branches:
Dungeon (8/15)             Temple (0/1) D:7            Lair (2/5) D:8
  Swamp: Lair:2-3    Shoals: Lair:2-3     Snake: Lair:2-3    Spider: Lair:2-3

Altars:
Dithmenos
Gozag
Kikubaaqudgha
Nemelex Xobeh
Okawaru
Sif Muna
Vehumet
Xom
Zin
The Shining One

Shops:
D:1 :   D:6 :


Innate Abilities, Weirdness & Mutations

You are too large for most types of armour.
You have claws for hands.
Your natural rate of healing is unusually fast.
You are covered in fur. (AC +1)
You have tough skin. (AC +1)


Message History

The five-headed hydra grows two more!
You mangle the seven-headed hydra!!
The seven-headed hydra is severely wounded.
The seven-headed hydra barely misses you.
You block the seven-headed hydra's attack.
The seven-headed hydra bites you!
The seven-headed hydra barely misses you.
You block the seven-headed hydra's attack.
The seven-headed hydra bites you.
The seven-headed hydra completely misses you.
Throw: 4 throwing nets
Press: ? - help, Q - select action, (/) - cycle Shift-Dir - straight line, f - seven-headed hydra
Aim: a seven-headed hydra (severely wounded, haloed, 97% to hit, immune to nets)
You throw a throwing net.
The throwing net hits the seven-headed hydra.
The seven-headed hydra is too large for the net to hold!
The seven-headed hydra is severely wounded.
The seven-headed hydra closely misses you.
The seven-headed hydra barely misses you.
You block the seven-headed hydra's attack.
The seven-headed hydra bites you. x2
* * * LOW HITPOINT WARNING * * *
The seven-headed hydra bites you.
* * * LOW HITPOINT WARNING * * *
The seven-headed hydra bites you but does no damage.
The seven-headed hydra attacks as you move away!
The seven-headed hydra bites you!
* * * LOW HITPOINT WARNING * * *
The seven-headed hydra closely misses you.
You block the seven-headed hydra's attack. x2
The seven-headed hydra closely misses you.
The seven-headed hydra barely misses you.
The seven-headed hydra bites you!
* * * LOW HITPOINT WARNING * * *
The seven-headed hydra attacks as you move away!
You block the seven-headed hydra's attack.
The seven-headed hydra bites you.
* * * LOW HITPOINT WARNING * * *
You block the seven-headed hydra's attack.
The seven-headed hydra bites you!
You die...

#.. ...########..# .###PP#
#....... ######... .......
#......# #...#.... #.....
#......# #....+..# #.....
#......# #..##...# .....
#......# .. ##...
#.#.##......# # #..#
.##...(#......# #..#
........D@.....########..#
.........................#
.##.######.##..###.#..#.##
# ####### ########


You could see a seven-headed hydra.

Vanquished Creatures
  A boulder beetle (Lair:1)
  A two-headed ogre (D:8)
  A cane toad (Lair:1)
  A rime drake (Lair:2)
  2 komodo dragons (Lair:1)
  3 blink frogs (Lair:1)
  Grinder (D:4)
  2 yaks
  2 wyverns
  4 basilisks
  2 steam dragons (D:8)
  4 water moccasins
  Duvessa (D:6)
  5 ice beasts
  3 black bears
  2 orc warriors (D:8)
  A sky beast (D:7)
  An ogre (D:6)
  4 wolves (Lair:1)
  A kobold brigand (D:7)
  3 gnoll sergeants
  A necrophage (D:7)
  5 scorpions
  Blork the orc (D:4)
  3 bullfrogs (Lair:1)
  Dowan (D:6)
  2 howler monkeys
  3 jellies
  2 orc priests (D:6)
  2 hounds
  4 iguanas
  7 orc wizards
  15 gnolls
  3 adders
  3 shadow imps
  A white imp (D:5)
  2 worms
  32 orcs
  9 endoplasms
  2 giant cockroaches
  8 goblins
  10 hobgoblins
  A quokka (D:5)
  7 ball pythons
  5 bats
  A frilled lizard (D:1)
  12 kobolds
  7 rats
194 creatures vanquished.

Vanquished Creatures (collateral kills)
  A basilisk (D:8)
  A yak (D:8)
2 creatures vanquished.

Vanquished Creatures (others)
  A wyvern (D:8)
  A gnoll (D:8)
  An orc (D:6)
  A bush (D:8)
  3 fungi
  12 plants
19 creatures vanquished.

Grand Total: 215 creatures vanquished

Notes
Turn   | Place    | Note
-------+----------+-------------------------------------------
     0 | D:1      | AttackTheMoon the Troll Fighter began the quest for the
                  | Orb.
     0 | D:1      | Reached XP level 1. HP: 22/22 MP: 0/0
   440 | D:1      | Reached XP level 2. HP: 29/29 MP: 1/1
   481 | D:1      | Found Faryehoy's Book Shop.
   829 | D:2      | Reached XP level 3. HP: 36/36 MP: 2/2
   910 | D:2      | Reached skill level 1 in Throwing
   965 | D:2      | Found a faded altar of an unknown god.
   999 | D:2      | Found a sparkling altar of Nemelex Xobeh.
  1131 | D:2      | Identified a scroll of acquirement
  1131 | D:2      | Acquired the ring "Boawn" {rCorr Dex-5 Slay+4 SInv}
  1563 | D:3      | Noticed a black bear
  1571 | D:3      | Killed a black bear
  1572 | D:3      | Reached XP level 4. HP: 43/45 MP: 3/3
  1572 | D:3      | Reached XP level 5. HP: 51/53 MP: 4/4
  2368 | D:3      | Reached XP level 6. HP: 45/61 MP: 5/5
  2655 | D:4      | Found an opulent altar of Gozag.
  2727 | D:4      | Found a glowing golden altar of the Shining One.
  2738 | D:4      | Became a worshipper of the Shining One
  2789 | D:4      | Noticed Grinder
  2789 | D:4      | Noticed Blork the orc
  2801 | D:4      | Killed Blork the orc
  2813 | D:4      | Paralysed by Grinder for 5 turns
  2819 | D:4      | Reached skill level 1 in Invocations
  2829 | D:4      | Killed Grinder
  2830 | D:4      | Reached XP level 7. HP: 21/68 MP: 5/7
  3096 | D:5      | Entered Level 5 of the Dungeon
  3233 | D:5      | Found an ancient bone altar of Kikubaaqudgha.
  3348 | D:5      | Found a shimmering altar of Xom.
  3484 | D:5      | Found a shimmering blue altar of Sif Muna.
  3981 | D:6      | Reached XP level 8. HP: 50/78 MP: 8/8
  3983 | D:6      | Reached * piety under the Shining One
  4173 | D:6      | Reached skill level 5 in Shields
  4176 | D:6      | Reached skill level 5 in Unarmed Combat
  4289 | D:6      | Found Uthreak's Book Shop.
  4466 | D:6      | Noticed Dowan
  4466 | D:6      | Noticed Duvessa
  4476 | D:6      | Killed Duvessa
  4477 | D:6      | Reached skill level 5 in Fighting
  4506 | D:6      | Killed Dowan
  4597 | D:6      | Found a radiant altar of Vehumet.
  4824 | D:7      | Reached XP level 9. HP: 88/88 MP: 10/10
  4870 | D:7      | Found a shadowy altar of Dithmenos.
  4969 | D:7      | Found a staircase to the Ecumenical Temple.
  5179 | D:7      | Acquired a manual of Fighting
  5255 | D:7      | Found a glowing silver altar of Zin.
  5521 | D:7      | Reached skill level 5 in Throwing
  5540 | D:7      | Found an iron altar of Okawaru.
  5974 | D:8      | Noticed a two-headed ogre
  5981 | D:8      | Killed a two-headed ogre
  5982 | D:8      | Reached skill level 5 in Invocations
  6138 | D:8      | Reached XP level 10. HP: 88/100 MP: 12/12
  6312 | D:7      | Upgraded the game from 0.29.0-15-g675c0067aa to 0.29.1
  6458 | D:8      | Found a staircase to the Lair.
  6868 | Lair:1   | Entered Level 1 of the Lair of Beasts
  6903 | Lair:1   | Noticed a cane toad
  6919 | Lair:1   | Killed a cane toad
  7201 | Lair:1   | Reached ** piety under the Shining One
  7218 | Lair:1   | HP: 5/104 [water moccasin (4)]
  7358 | Lair:1   | Noticed a boulder beetle
  7374 | Lair:1   | Killed a boulder beetle
  7455 | Lair:1   | Reached XP level 11. HP: 97/113 MP: 14/14
  8040 | Lair:2   | Identified the +2 scale mail of the Sixty-Six Emperors {rN+
                  | Will+ Dex-2}
  8135 | Lair:2   | Noticed a four-headed hydra
  8144 | Lair:2   | HP: 5/113 [seven-headed hydra (10)]
  8145 | Lair:2   | Mangled by a seven-headed hydra

Illustrated notes

Levels and vault maps discovered:
D:1:      nzn_arrival_crosshair, layout_loops_ring, serial_shops, shop,
          roderic_serpentine_path
D:2:      wander_river, layout_basic, dilly_ecumenical_altar_fadedgnrine,
          basic_altar, minmay_fractal_squares_5
D:3:      layout_basic
D:4:      layout_rooms, grunt_gozag_statues, nicolae_tso_carved_into_rock,
          kennysheep_generic_room_11, uniq_grinder, uniq_blork_the_orc
D:5:      layout_basic, amcnicky_altar_gilded, nicolae_overflow_crystal_walls,
          mainiacjoe_overflow_small_starburst
D:6:      layout_cave_pools, mainiacjoe_overflow_boulevard, serial_shops, shop,
          uniq_duvessa
D:7:      layout_cave_pods, zin_treasury, okawaru_altar_gauntlet_db,
          lemuel_round_altar, minmay_temple_entry_statues, serial_column_ruins,
          column_ruins_square_large, column_ruins_square_medium,
          column_ruins_grid_2, column_ruins_open_tiny,
          column_ruins_columns_dead_end, column_ruins_grid_3,
          column_ruins_open_tiny, column_ruins_grid_1,
          column_ruins_corridor_straight
D:8:      layout_layer_cave, minmay_lair_entry_grove, minmay_hedge_maze,
          nrook_pool_corridor, hangedman_abyss_or_decor_stagger,
          minmay_misc_feat_ornament, item_on_display_b
Lair:1:   layout_regular_city, chequers_serial_rivers_small_3,
          lemuel_fruit_fields
Lair:2:   layout_regular_city, guppyfry_snake_entry_garden, lemuel_fruit_fields,
          lemuel_fruit_tree, uniq_sonja, uniq_nergalle

Skill      XL: |  1  2  3  4  5  6  7  8  9 10 11 |
---------------+----------------------------------+-----
Shields        | 3 4 5 6 7 |  7.7
Throwing       | 1 2 3 4 5 6 7 |  7.0
Fighting       | 3 4 5 6 8 |  8.5
Unarmed Combat | 3 4 5 6 8 |  8.1
Invocations    | 1 2 3 5 6 |  6.5
Dodging        | |  2.6

Action                   |  1- 3 |  4- 6 |  7- 9 | 10-12 || total
-------------------------+-------+-------+-------+-------++-------
Melee: Unarmed           |   139 |    62 |   191 |   100 ||   492
Throw: Javelin           |       |     6 |    33 |    10 ||    49
       Dart              |       |       |    15 |     2 ||    17
       Throwing net      |       |       |     2 |     1 ||     3
Invok: Divine Shield     |       |       |     1 |     1 ||     2
  Use: Scroll            |    10 |       |    12 |     3 ||    25
       Potion            |       |       |       |     3 ||     3
Armor: Robe              |    57 |    21 |    49 |    14 ||   141
Dodge: Dodged            |    46 |    25 |    68 |    53 ||   192
Block: Kite shield       |    58 |    15 |    98 |    54 ||   225
